 Dungeon Crawl Stone Soup version 0.25-a0-289-g406d6369f5 (webtiles) character file.

Game seed: 13524857428607280544, levelgen mode: deterministic

108 MoonlitKnight the Sneak (level 4, -5/21 HPs)
             Began as a Spriggan Enchanter on Dec 12, 2019.
             Killed from afar by Sigmund (8 damage)
             ... with a puff of flame
             ... on level 2 of the Dungeon.
             The game lasted 00:08:27 (2434 turns).

MoonlitKnight the Sneak (Spriggan Enchanter)        Turns: 2434, Time: 00:08:27

Health: -5/21      AC:  2    Str:  4    XL:     4   Next: 58%
Magic:  7/10       EV: 19    Int: 16    God:
Gold:   82         SH:  0    Dex: 17    Spells: 7/10 levels left

rFire    . . .     SeeInvis +   a - +1 dagger
rCold    . . .     Gourm    .   (shield restricted)
rNeg     . . .     Faith    .   l - +0 robe
rPois    .         Spirit   .   (helmet restricted)
rElec    .         Reflect  .   (no cloak)
rCorr    .         Harm     .   (gloves unavailable)
MR       .....                  (boots unavailable)
Stlth    +++.......             (no amulet)
HPRegen  0.07/turn              (no ring)
MPRegen  0.12/turn              (no ring)

@: very quick
A: very small, unfitting armour, see invisible, herbivore, speed 3, slow
metabolism 2
a: no special abilities


You were on level 2 of the Dungeon.
You were near starving.

You visited 1 branch of the dungeon, and saw 2 of its levels.

You collected 82 gold pieces.

Inventory:

Hand Weapons
 a - a +1 dagger (weapon)
 b - a +0 hunting sling
Missiles
 j - 74 stones (quivered)
Armour
 l - a +0 robe (worn)
Scrolls
 c - a scroll of teleportation {unknown}
 e - 2 scrolls of identify {unknown}
 g - a scroll of enchant armour {unknown}
 h - a scroll of fog {unknown}
Potions
 i - a potion of might {unknown}
 k - a potion of cancellation {unknown}
Comestibles
 d - 5 rations


   Skills:
 - Level 1.1 Short Blades
 + Level 4.3 Dodging
 + Level 5.6 Stealth
 + Level 3.8 Spellcasting
 + Level 4.5 Hexes


You had 7 spell levels left.
You knew the following spells:

 Your Spells              Type           Power        Failure   Level  Hunger
a - Ensorcelled Hibernat  Hex/Ice        ##....       11%         2    ##.....
b - Corona                Hex            ###....      2%          1    None

Your spell library contained the following spells:

 Spells                   Type           Power        Failure   Level  Hunger
 Confuse                  Hex            ###.....     8%          3    ###....
 Tukima's Dance           Hex            ###.....     8%          3    ###....
 Dazzling Flash           Conj/Hex       ##....       21%         3    ###....


Dungeon Overview and Level Annotations

Branches:
Dungeon (2/15)

Altars:
Cheibriados
Qazlal

Annotations:
D:2 Sigmund


Innate Abilities, Weirdness & Mutations

You are very small and have problems with some larger weapons.
You are too small for most types of armour.
You have supernaturally acute eyesight. (SInv)
You are a herbivore.
You cover ground extremely quickly.
You need to consume almost no food.


Message History

Press: ? - help, Shift-Dir - straight line, f/p - Sigmund
Aim: Sigmund, wielding a +2 scythe of holy wrath and wearing a +0 robe (severely wounded, chance to defeat MR: 50%) Sigmund looks drowsy...
Sigmund shouts!
Sigmund points at you and mumbles some strange words.
The magic dart hits you!
* * * LOW HITPOINT WARNING * * *
Casting: Ensorcelled Hibernation (safe; 11% risk of failure)
Confirm with . or Enter, or press ? or * to list all spells.
Aiming: Ensorcelled Hibernation (safe; 11% risk of failure)
Press: ? - help, Shift-Dir - straight line, f - you, p - Sigmund That would be overly suicidal.
Okay, then.
You barely miss Sigmund.
Sigmund is severely wounded.
Sigmund completely misses you.
Sigmund smiles chillingly.
Sigmund gestures at you while chanting. The puff of flame hits you!
You die...

#..# ##.##.# #.###<..#
#..####.....# #..##...#
#........#### ##.##...#
##.###...###########...#.>(#
#.#...........@...........#
#.......###########...#..##
#...............####.##..#
##........@..............#
####.##.#.######@####.###.#
K.................<...# #.#
################..........#
############


You could see Sigmund.

Vanquished Creatures
  Terence (D:2)
  3 adders (D:2)
  An ooze (D:2)
  3 worms (D:2)
  2 dart slugs (D:1)
  4 giant cockroaches
  9 goblins
  5 hobgoblins
  A quokka (D:2)
  5 bats
  3 kobolds (D:2)
  A rat (D:1)
38 creatures vanquished.

Notes
Turn   | Place    | Note
-------+----------+-------------------------------------------
     0 | D:1      | MoonlitKnight the Spriggan Enchanter began the quest for
                  | the Orb.
     0 | D:1      | Reached XP level 1. HP: 9/9 MP: 5/5
   294 | D:1      | Reached XP level 2. HP: 13/13 MP: 6/6
   581 | D:1      | Learned a level 2 spell: Ensorcelled Hibernation
  1097 | D:2      | Reached skill level 5 in Stealth
  1140 | D:2      | Noticed Terence
  1146 | D:2      | Killed Terence
  1146 | D:2      | Reached XP level 3. HP: 16/16 MP: 3/8
  1279 | D:2      | Found a snail-covered altar of Cheibriados.
  1279 | D:2      | Noticed Sigmund
  1499 | D:2      | Reached XP level 4. HP: 21/21 MP: 5/10
  1962 | D:2      | Found a stormy altar of Qazlal.
  2193 | D:2      | Noticed Robin
  2434 | D:2      | Killed from afar by Sigmund

Levels and vault maps discovered:
D:1:      dpeg_arrival_connections, layout_basic
D:2:      layout_loops_ring, grunt_qazlal_sundering, old_standard_altar,
          uniq_sigmund, uniq_robin, uniq_terence

Skill      XL: |  1  2  3 |
---------------+----------+-----
Spellcasting   | 3 |  3.8
Hexes          | 4 |  4.5
Stealth        | 5 |  5.6
Dodging        | 4 |  4.3
Short Blades   | |  1.1

Action                   |  1- 3 |  4- 6 || total
-------------------------+-------+-------++-------
Melee: Dagger            |    37 |    55 ||    92
Throw: Dart              |       |     3 ||     3
 Cast: Corona            |     7 |       ||     7
       Ensorcelled Hiber |    15 |    31 ||    46
 Stab: Sleeping          |    14 |    16 ||    30
Armor: Robe              |     1 |     3 ||     4
Dodge: Dodged            |    22 |    52 ||    74

Table legend:
 A = Non-vault XP
 B = Vault XP
 C = Vault XP percentage of total XP
 D = Non-vault monster count
 E = Vault monster count
 F = Vault count percentage of total count
                 A         B        C        D         E       F
            +---------+---------+-------+---------+---------+-------
      Total |     109 |      46 |  29.7 |      32 |       6 |  15.8
            +---------+---------+-------+---------+---------+-------
        D:1 |      22 |       0 |   0.0 |      10 |       0 |   0.0
        D:2 |      87 |      46 |  34.6 |      22 |       6 |  21.4
            +---------+---------+-------+---------+---------+-------
